 Dungeon Sprint DCSS version bcrawl-1.12.1 (webtiles) character file.

Game seed: 15793116549715602043

4400000 Groucho the Intangible (level 21, -23/142 HPs)
             Began as a Spriggan Abyssal Knight on July 13, 2019.
             Was the Champion of Makhleb.
             Annihilated by The Servant
             ... wielding a +9 glaive of flaming
              (120 damage)
             ... in the Dungeon (Sprint VIII: "Arena of Blood").
             The game lasted 00:01:50 (44 turns).

Groucho the Intangible (Spriggan Abyssal Knight)      Turns: 44, Time: 00:01:50

Health: -23/142    AC:  4    Str:  8    XL:     21   Next: 83%
Magic:  22/53      EV: 44    Int: 14    God:    Makhleb [******]
Gold:   0          SH:  0    Dex: 25    Spells: 74/74 levels left

rFire    . . .     SeeInvis +   j - +∞ Axe of Woe
rCold    . . .     Gourm    .   (shield currently unavailable)
rNeg     . . .     Faith    .   b - +0 robe
rPois    .         Spirit   .   (helmet restricted)
rElec    .         Reflect  .   (no cloak)
rCorr    .         Harm     .   (gloves unavailable)
MR       +++..     NoTele   +   (boots unavailable)
Stlth    ++........             (no amulet)
HPRegen  0.33/turn              (no ring)
MPRegen  0.33/turn              (no ring)

@: very quick
A: very small, unfitting armour, see invisible, herbivore, speed 3, slow
metabolism 2
a: Minor Destruction, Lesser Servant of Makhleb, Major Destruction, Greater
Servant of Makhleb, Renounce Religion


You were in the Dungeon.
You worshipped Makhleb.
Makhleb was exalted by your worship.
You were not hungry.

You visited 1 branch

Inventory:

Hand Weapons
 a - a +1 hand axe
 j - the +∞ Axe of Woe (weapon)
   (You found it in the Dungeon)
Armour
 b - a +0 robe (worn)
Scrolls
 i - a scroll of blinking
Potions
 d - a potion of curing
 e - a potion of heal wounds
 f - a potion of haste
 g - 2 potions of magic
 h - a potion of berserk rage
Comestibles
 c - a ration {!d}


   Skills:
 O Level 27 Fighting
 O Level 27 Axes
 O Level 27 Throwing
 O Level 27 Armour
 O Level 27 Dodging
 + Level 23.6 Unarmed Combat
 O Level 27 Spellcasting
 O Level 27 Invocations


You had 74 spell levels left.
You didn't know any spells.
Your spell library was empty.

Dungeon Overview and Level Annotations

Branches:
Dungeon (1/1)

Altars:
Makhleb

Annotations:
D The Servant


Innate Abilities, Weirdness & Mutations

You are very small and have problems with some larger weapons.
You are too small for most types of armour.
You have supernaturally acute eyesight. (SInv)
You are a herbivore.
You cover ground extremely quickly.
You need to consume almost no food.


Message History

Unknown command.
Unknown command.
You hit the destroyer but do no damage.
You slaughter the destroyer joyfully.
You destroy the destroyer!
Makhleb accepts your kill.
You have mastered Throwing!
Your Unarmed Combat skill gained 3 levels and is now at level 23!
You hear a shout! x4
A sculptor of flesh comes into view. It is wielding a +9 great sword.
You hear a shout! x2
The meat berserker rages.
A sculptor of flesh comes into view. It is wielding a +9 great sword.
You hear a shout! x2
Unknown command.
Unknown command.
You hear a shout! x7
The Servant is engulfed in blazing flames.
The Servant hits you from afar with a +9 glaive of flaming!!!!
Ouch! That really hurt!
You die...

.. ..... #.z
...# #.. ..%# .
.###.. ...###..
......###......
.....%_°....
#.O))@# #_)z○°#
#.)@☼)#
......._)......
.....§###......
.###.. ...###..
#.. ...# . #z
...# .. .....
.. ..


You could see The Servant, 3 sculptors of flesh and a meat berserker (berserk).

Vanquished Creatures
  3 vampire knights (D)
  8 ogres (D)
  2 two-headed ogres (D)
  7 orcs (D)
  A skeletal warrior (D)
  3 large abominations (D)
  A crawling corpse (D)
25 creatures vanquished.

Notes
Turn   | Place    | Note
-------+----------+-------------------------------------------
     0 | D        | Found the +∞ Axe of Woe
     0 | D        | Groucho the Spriggan Abyssal Knight began the quest for the
                  | Orb.
     0 | D        | Reached XP level 1. HP: 11/11 MP: 3/3
     2 | D        | Noticed a bag of meat
     3 | D        | Noticed a bag of meat
     4 | D        | Fell from the grace of Lugonu
     4 | D        | Became a worshipper of Makhleb the Destroyer
     4 | D        | Noticed a bag of meat
     5 | D        | Noticed a meat berserker
     6 | D        | Noticed a meat berserker
     6 | D        | Noticed a bag of meat
     9 | D        | Noticed a meat berserker
    10 | D        | Killed a meat berserker
    10 | D        | Reached skill level 27 in Dodging
    10 | D        | Reached XP level 2. HP: 16/16 MP: 4/4
    10 | D        | Reached XP level 3. HP: 19/19 MP: 5/5
    10 | D        | Reached XP level 4. HP: 23/23 MP: 6/6
    10 | D        | Reached XP level 5. HP: 27/27 MP: 7/7
    10 | D        | Reached XP level 6. HP: 32/32 MP: 8/8
    10 | D        | Reached XP level 7. HP: 35/35 MP: 9/9
    10 | D        | Reached XP level 8. HP: 39/39 MP: 10/10
    10 | D        | Reached XP level 9. HP: 43/43 MP: 11/11
    10 | D        | Reached XP level 10. HP: 47/47 MP: 12/12
    10 | D        | Reached XP level 11. HP: 51/51 MP: 13/13
    10 | D        | Reached XP level 12. HP: 56/56 MP: 14/14
    10 | D        | Reached XP level 13. HP: 59/59 MP: 15/15
    11 | D        | Killed a bag of meat
    11 | D        | Reached * piety under Makhleb
    11 | D        | Killed a bag of meat
    11 | D        | Reached XP level 14. HP: 59/63 MP: 16/16
    11 | D        | Killed a meat berserker
    11 | D        | Reached skill level 27 in Axes
    11 | D        | Reached skill level 10 in Fighting
    11 | D        | Reached XP level 15. HP: 74/80 MP: 16/22
    13 | D        | Killed a meat berserker
    13 | D        | Reached ** piety under Makhleb
    13 | D        | Reached skill level 15 in Fighting
    13 | D        | Reached skill level 10 in Armour
    13 | D        | Reached XP level 16. HP: 98/98 MP: 16/28
    18 | D        | Noticed a large bag of meat
    18 | D        | Noticed a meat berserker
    19 | D        | Reached *** piety under Makhleb
    22 | D        | Killed a meat berserker
    22 | D        | Reached skill level 15 in Armour
    22 | D        | Reached XP level 17. HP: 113/113 MP: 17/31
    23 | D        | Killed a large bag of meat
    24 | D        | Reached **** piety under Makhleb
    24 | D        | Reached XP level 18. HP: 123/123 MP: 18/34
    24 | D        | Noticed a meat berserker
    25 | D        | Noticed a large bag of meat
    25 | D        | Noticed a meat berserker
    26 | D        | Noticed a meat berserker
    27 | D        | Killed a meat berserker
    27 | D        | Reached skill level 27 in Fighting
    29 | D        | Killed a large bag of meat
    29 | D        | Reached XP level 19. HP: 49/132 MP: 19/37
    31 | D        | Killed a meat berserker
    31 | D        | Reached ***** piety under Makhleb
    31 | D        | Reached skill level 27 in Invocations
    31 | D        | Noticed a destroyer
    31 | D        | Noticed a destroyer
    32 | D        | Killed a meat berserker
    32 | D        | Reached skill level 27 in Armour
    32 | D        | Reached skill level 5 in Spellcasting
    33 | D        | Killed a destroyer
    33 | D        | Reached XP level 20. HP: 137/137 MP: 19/41
    33 | D        | Noticed a meat berserker
    33 | D        | Noticed The Servant
    36 | D        | Killed a meat berserker
    36 | D        | Reached skill level 15 in Unarmed Combat
    36 | D        | Killed a destroyer
    36 | D        | Reached XP level 21. HP: 142/142 MP: 20/50
    38 | D        | Noticed a destroyer
    41 | D        | Reached ****** piety under Makhleb
    41 | D        | Reached skill level 27 in Spellcasting
    43 | D        | Killed a destroyer
    43 | D        | Reached skill level 27 in Throwing
    44 | D        | Annihilated by The Servant

Skill      XL: |  1  2  3  4  5  6  7  8  9 10 11 12 13 14 15 16 17 18 19 20 21 |
---------------+----------------------------------------------------------------+-----
Axes           | 20 25 27 | 27.0
Dodging        | 27 | 27.0
Fighting       | 10 17 22 25 27 | 27.0
Armour         | 6 11 15 17 21 27 | 27.0
Invocations    | 8 14 19 22 26 27 | 27.0
Throwing       | 14 21 27 | 27.0
Unarmed Combat | 12 18 23 | 23.6
Spellcasting   | 16 24 27 | 27.0

Action                   |  1- 3 |  4- 6 |  7- 9 | 10-12 | 13-15 | 16-18 | 19-21 || total
-------------------------+-------+-------+-------+-------+-------+-------+-------++-------
Melee: Broad axe         |     1 |       |       |       |     2 |     7 |     9 ||    19
Dodge: Dodged            |       |       |       |       |       |     1 |     1 ||     2
